 Dungeon Crawl Stone Soup version 0.31-a0-229-g1fc7ce93e2 (webtiles) character file.

Game seed: 2924867350884975785

504 qw the Shooter (level 6, -4/53 HPs)
             Began as a Minotaur Hexslinger on July 6, 2023.
             Killed from afar by Ijyb (20 damage)
             ... with a bolt of acid
             ... on level 5 of the Dungeon.
             The game lasted 00:00:53 (2194 turns).

qw the Shooter (Minotaur Hexslinger)                Turns: 2194, Time: 00:00:53

Health: -4/53      AC:  2    Str: 12    XL:     6   Next: 96%
Magic:  6/6        EV: 11    Int: 10    God:
Gold:   145        SH:  0    Dex: 15    Spells: 6/7 levels left

rFire   . . .        g - +0 shortbow
rCold   . . .        (shield currently unavailable)
rNeg    . . .        c - +0 ring mail
rPois   .            (helmet restricted)
rElec   .            b - +0 cloak
rCorr   .            (no gloves)
SInv    .            (no boots)
Will    .....        e - amulet of regeneration
Stlth   +            (no ring)
HPRegen 1.08/turn    (no ring)
MPRegen 0.10/turn

%: no passive effects
@: corroded
A: horns 2, retaliatory headbutt
a: no special abilities


You were on level 5 of the Dungeon.
You visited 1 branch of the dungeon, and saw 4 of its levels.

You collected 145 gold pieces.


Innate Abilities, Weirdness & Mutations

You have a pair of horns on your head.
You reflexively headbutt those who attack you in melee.


   Skills:
 - Level 4.6 Fighting
 + Level 6.8 Ranged Weapons
 - Level 2.1 Armour
 - Level 2.1 Dodging
 - Level 1.0 Spellcasting
 - Level 2.0 Hexes


You had 6 spell levels left.
You knew the following spells:

 Your Spells              Type           Power      Damage    Failure   Level
a - Slow                  Hex            16%        N/A       32%         1

Your spell library contained the following spells:

 Spells                   Type           Power      Damage    Failure   Level
 Inner Flame              Hex/Fire       2%         N/A       83%         3
 Portal Projectile        Hex/Tloc       4%         N/A       83%         3
 Cause Fear               Hex            2%         N/A       97%         4

Inventory:

Hand Weapons
 g - a +0 shortbow (weapon)
Armour
 b - a +0 cloak (worn)
 c - a +0 ring mail (worn)
 m - a +0 pair of boots
Jewellery
 e - an amulet of regeneration (around neck)
Scrolls
 a - 2 scrolls of identify
 j - 3 scrolls of teleportation {unknown}
Potions
 d - a potion of curing
 f - 2 potions of mutation {unknown}
 h - a potion of magic {unknown}
 i - a potion of invisibility {unknown}
 k - a potion of cancellation
 l - a potion of enlightenment {unknown}

Dungeon Overview and Level Annotations

Branches:
Dungeon (5/15)
 Temple: D:4-7

Altars:
Okawaru
Vehumet
Xom

Annotations:
D:3 1 runed translucent door, Crazy Yiuf
D:5 Ijyb


Message History

Enter note:
Enter note:
Enter note: You shoot an arrow.
The arrow barely misses Ijyb.
You shoot an arrow. The arrow hits Ijyb but does no damage.
You shoot an arrow. The arrow hits Ijyb.
Ijyb is lightly wounded.
You shoot an arrow. The arrow completely misses Ijyb.
You shoot an arrow. The arrow hits Ijyb!
Ijyb is heavily wounded.
Ijyb zaps a wand.
The bolt of acid hits you! Ijyb closely misses you.
You shoot an arrow. The arrow hits Ijyb.
Ijyb is heavily wounded.
Ijyb screams, "I cut your head off!" Ijyb barely misses you.
You shoot an arrow. The arrow hits Ijyb.
Ijyb is severely wounded.
Ijyb closely misses you. You furiously retaliate!
You headbutt Ijyb. You shoot an arrow. The arrow hits Ijyb but does no damage.
Ijyb is severely wounded.
Ijyb misses you.
You shoot an arrow. The arrow completely misses Ijyb.
Ijyb hits you with a +0 club.
You shoot an arrow. The arrow barely misses Ijyb.
Ijyb zaps a wand.
The bolt of acid hits you! Ijyb hits you with a +0 club.
You shoot an arrow. The arrow hits Ijyb but does no damage.
Ijyb is severely wounded.
Ijyb zaps a wand.
The bolt of acid misses you.
You shoot an arrow. The arrow closely misses Ijyb.
Ijyb barely misses you.
You shoot an arrow. The arrow closely misses Ijyb.
Ijyb zaps a wand.
The bolt of acid hits you!! The acid corrodes you!
You shoot an arrow. The arrow completely misses Ijyb.
Ijyb closely misses you. You furiously retaliate!
You headbutt Ijyb. You shoot an arrow. The arrow barely misses Ijyb.
Ijyb hits you with a +0 club. x2
You shoot an arrow. The arrow hits Ijyb but does no damage.
Ijyb is almost dead.
Ijyb zaps a wand.
The bolt of acid hits you!!
You die...

###.## # ######.##
...## #.#.......# ####
### #.........# # #..
#..77.77..# #.#
#...7.7...# #.#
..7.....7.# #.#
#.77...77.#
..#####.####...._....#
......g@...#.77...77.#
##########.#.7.....7.#
#.....7.7...#
##...77.77..#
#.........##
##.......## #########


You could see Ijyb.

Vanquished Creatures
  2 black bears (D:5)
  A centaur (D:5)
  A scorpion (D:5)
  A jelly (D:5)
  2 hounds (D:5)
  A sleepcap (D:5)
  3 adders (D:2)
  A white imp (D:5)
  A worm (D:2)
  3 orcs (D:5)
  3 ball pythons
  5 endoplasms
  A giant cockroach (D:1)
  A hobgoblin (D:1)
  3 quokkas
  3 bats
  A frilled lizard (D:2)
  A giant cockroach zombie (D:2)
  2 kobolds (D:1)
  A quokka zombie (D:2)
37 creatures vanquished.

Notes
Turn   | Place    | Note
-------+----------+-------------------------------------------
     0 | D:1      | qw the Minotaur Hexslinger began the quest for the Orb.
     0 | D:1      | Reached XP level 1. HP: 16/16 MP: 1/1
     0 | D:1      | 0 ||| qw: Version: 0.3-a-46-gb1f654a
     0 | D:1      | 0 ||| qw: Game counter: 1635
     0 | D:1      | 0 ||| qw: Melee chars always use a shield: true
     0 | D:1      | 0 ||| qw: God list: Okawaru
     0 | D:1      | 0 ||| qw: Allow faded altars: false
     0 | D:1      | 0 ||| qw: Do Orc after clearing Dungeon:15 true
     0 | D:1      | 0 ||| qw: Do second Lair branch before Depths: true
     0 | D:1      | 0 ||| qw: Lair rune preference: random
     0 | D:1      | 0 ||| qw: Goals: Normal
     0 | D:1      | 0 ||| PLANNING D:1-11
   453 | D:1      | Reached skill level 3 in Ranged Weapons
   453 | D:1      | Reached XP level 2. HP: 23/23 MP: 2/2
   770 | D:1      | 770 ||| UPGRADING to +0 leather armour.
   780 | D:1      | 780 ||| DROPPING +0 robe.
   781 | D:1      | 781 ||| READING scroll labelled OKOEPS DEFFAU.
   782 | D:1      | 782 ||| READING scroll labelled SAIL WOSAVOSI.
   783 | D:1      | 783 ||| READING scroll labelled LUGHID JUID.
   784 | D:1      | 784 ||| DRINKING 2 fizzy silvery potions.
   785 | D:1      | 785 ||| DRINKING 2 viscous cyan potions.
   826 | D:1      | 826 ||| DROPPING scroll of poison.
   827 | D:1      | 827 ||| DROPPING potion of lignification.
  1023 | D:2      | Reached XP level 3. HP: 23/29 MP: 3/3
  1124 | D:2      | Reached skill level 4 in Ranged Weapons
  1509 | D:2      | 1509 ||| UPGRADING to +0 cloak.
  1514 | D:2      | 1514 ||| UPGRADING to +0 ring mail.
  1524 | D:2      | 1524 ||| DROPPING +0 leather armour.
  1525 | D:2      | 1525 ||| UPGRADING to amulet of regeneration.
  1530 | D:2      | 1530 ||| READING scroll labelled GAYDAPT ITHRI.
  1531 | D:2      | 1531 ||| READING scroll labelled LYMPOD ERIRYN.
  1532 | D:2      | 1532 ||| DRINKING 2 smoky silvery potions.
  1533 | D:2      | 1533 ||| READING 2 scrolls of identify.
  1533 | D:2      | 1533 ||| IDENTIFYING sedimented purple potion
  1561 | D:3      | Found a runed translucent door.
  1562 | D:3      | Noticed Crazy Yiuf
  1610 | D:3      | Found a shimmering altar of Xom.
  1618 | D:3      | You fall into a shaft and drop 2 floors!
  1618 | D:5      | Entered Level 5 of the Dungeon
  1632 | D:5      | 1632 ||| PLANNING OSSUARY
  1658 | D:5      | Reached XP level 4. HP: 36/36 MP: 4/4
  1689 | D:5      | Noticed a black bear
  1700 | D:5      | HP: 9/36 [black bear (5)]
  1701 | D:5      | 1701 ||| DRINKING potion of heal wounds.
  1703 | D:5      | Killed a black bear
  1704 | D:5      | Reached skill level 5 in Ranged Weapons
  1704 | D:5      | Reached XP level 5. HP: 15/41 MP: 5/5
  1745 | D:5      | Noticed a centaur
  1757 | D:5      | 1757 ||| Stepping ~*~*~tactically~*~*~ (outnumbered).
  1760 | D:5      | HP: 8/41 [centaur/arrow (10)]
  1770 | D:5      | HP: 10/41 [centaur (4)]
  1772 | D:5      | HP: 4/41 [centaur (3)]
  1777 | D:5      | HP: 5/41 [centaur (2)]
  1779 | D:5      | Killed a centaur
  1780 | D:5      | Reached skill level 3 in Fighting
  1808 | D:5      | Reached XP level 6. HP: 29/52 MP: 6/6
  1834 | D:5      | 1834 ||| SWAPPING to +0 shortbow.
  1844 | D:5      | 1844 ||| DROPPING +1 sling.
  1953 | D:5      | Reached skill level 6 in Ranged Weapons
  1959 | D:5      | Found an iron altar of Okawaru.
  2146 | D:5      | Found a radiant altar of Vehumet.
  2178 | D:5      | Noticed Ijyb
  2194 | D:5      | Killed from afar by Ijyb

Levels and vault maps discovered:
D:1:      ncdulo_smallfort, layout_loops_corners
D:2:      layout_loops_ring, serial_undead, serial_undead_e, serial_undead_c,
          serial_undead_d, serial_undead_d, hangedman_decor_push
D:3:      minmay_inner_zag, layout_rooms, mainiacjoe_overflow_alcove_4,
          nicolae_concentric_dashed_squares_wild, kennysheep_big_empty_room,
          minmay_rat_hole, uniq_crazy_yiuf_cottage
D:5:      nicolae_BIG_FREAKIN_CUBE, layout_basic,
          mainiacjoe_overflow_small_starburst, okawaru_ov_weapons_minmay,
          enter_ossuary_5, uniq_ijyb

Skill      XL: |  1  2  3  4  5  6 |
---------------+-------------------+-----
Ranged Weapons | 3 4 5 6 |  6.8
Fighting       | 2 3 4 |  4.6
Armour         | 2 |  2.1
Dodging        | |  2.1
Spellcasting   | |  1.0
Hexes          | |  2.0

Action                     |  1- 3 |  4- 6 || total
---------------------------+-------+-------++-------
   Fire: Sling             |    93 |    52 ||   145
         Shortbow          |       |    55 ||    55
    Use: Scroll            |     6 |       ||     6
         Potion            |     3 |     1 ||     4
 Armour: Leather armour    |     3 |       ||     3
         Ring mail         |     5 |    45 ||    50
  Dodge: Dodged            |    27 |    77 ||   104

Table legend:
 A = Non-vault XP
 B = Vault XP
 C = Vault XP percentage of total XP
 D = Non-vault monster count
 E = Vault monster count
 F = Vault count percentage of total count
                 A         B        C        D         E       F
            +---------+---------+-------+---------+---------+-------
      Total |     719 |       2 |   0.3 |      35 |       2 |   5.4
            +---------+---------+-------+---------+---------+-------
        D:1 |      18 |       0 |   0.0 |      10 |       0 |   0.0
        D:2 |      57 |       2 |   3.4 |      12 |       2 |  14.3
        D:3 |       2 |       0 |   0.0 |       1 |       0 |   0.0
        D:5 |     642 |       0 |   0.0 |      12 |       0 |   0.0
            +---------+---------+-------+---------+---------+-------
